AoeStats
← Adams1491

Arena

509884343Analyzed
4v4 RM · 4d ago on Sep 28, 2026· 42m 43s· 8 players
Game mode
Random Map
Map size
Large (8 player)
Population
200
Speed
Normal
Resources
Standard
Victory
Conquest
Starting age
Dark Age
Ending age
Imperial Age
RankedLock teamsTeams togetherTeam positionsShared explorationLock speedFull tech treeHidden civsTurbo modeCheats
Victory
Defeat
1440
+14
🇦🇷 Goths · Argentina
1422
+14
🇨🇳 Persians · China
1330
+18
🇨🇳 Celts · China
1329
+19
🇨🇳 Hindustanis · China
1423
-18
🇨🇳 Portuguese · China
1396
-17
🇹🇼 Danes · Taiwan
1380
-16
🇨🇳 Teutons · China
1339
-14
Adams1491
11:47 Feudal Age
12:45 Double-Bit Axe
15:21 Castle Age
13:13 Horse Collar
15:05 Scale Mail Armor
15:36 Pikeman
17:06 Wheelbarrow
17:34 Bow Saw
23:57 Gold Mining
26:20 Loom
26:22 Town Watch
26:54 Hand Cart
26:46 Stone Mining
29:13 Masonry
29:13 Squires
28:59 Gambesons
29:02 Arson
32:15 Imperial Age
31:05 Forging
32:18 Iron Casting
31:08 Hamask
32:46 Chain Mail Armor
32:18 Elite Jomsviking
35:57 Blast Furnace
73624617386501790
10:46 Feudal Age
12:02 Double-Bit Axe
14:49 Castle Age
13:15 Horse Collar
15:47 Bow Saw
15:49 Heavy Plow
23:23 Scale Mail Armor
只会种田
10:57 Feudal Age
14:21 Castle Age
12:10 Double-Bit Axe
12:07 Horse Collar
16:47 Bow Saw
21:23 Wheelbarrow
22:41 Heavy Plow
26:38 Imperial Age
25:11 Hand Cart
24:42 Loom
25:10 Town Watch
25:30 Scale Barding Armor
25:49 Forging
25:34 Stone Mining
25:35 Gold Mining
26:28 Chain Barding Armor
27:39 Iron Casting
26:45 Heavy Camel Rider
27:27 Husbandry
27:37 Bloodlines
28:26 Plate Barding Armor
29:00 Gold Shaft Mining
28:27 Grand Trunk Road
28:50 Conscription
30:12 Blast Furnace
30:24 Chemistry
30:36 Imperial Camel Rider
31:31 Padded Archer Armor
32:28 Leather Archer Armor
33:50 Ring Archer Armor
35:40 Two-Man Saw
34:37 Fletching
36:41 Light Cavalry
40:45 Hussar
41:49 Bodkin Arrow
西门大官人
2:27 Loom
10:28 Feudal Age
12:31 Fletching
苏东坡的粉丝
10:58 Feudal Age
15:14 Castle Age
13:39 Double-Bit Axe
13:40 Horse Collar
14:12 Gold Mining
14:21 Stone Mining
14:55 Bow Saw
15:11 Loom
23:46 Wheelbarrow
23:58 Heavy Plow
23:50 Stone Mining
27:15 Hand Cart
29:04 Gold Shaft Mining
29:41 Stone Shaft Mining
30:14 Fortified Wall
32:56 Imperial Age
31:36 Scale Mail Armor
31:46 Forging
34:12 Imperial Age
33:16 Squires
32:36 Pikeman
40:36 Two-Man Saw
41:39 Crop Rotation
crux_dy164
11:11 Feudal Age
14:48 Castle Age
12:40 Double-Bit Axe
12:42 Horse Collar
14:40 Light Cavalry
22:23 Gold Mining
22:54 Loom
24:45 Wheelbarrow
26:05 Hand Cart
28:33 Imperial Age
26:40 Bow Saw
26:33 Heavy Plow
27:11 Scale Barding Armor
27:16 Forging
27:20 Bloodlines
27:15 Husbandry
28:29 Chain Barding Armor
28:19 Forging
28:13 Cavalier
30:44 Gold Shaft Mining
30:00 Stone Mining
30:58 Iron Casting
31:28 Conscription
34:10 Stone Shaft Mining
33:35 Savar
36:09 Blast Furnace
38:59 Fletching
39:49 Plate Barding Armor
41:47 Fletching
elchinaleikazo
6:16 Loom
8:40 Feudal Age
9:14 Double-Bit Axe
11:16 Town Watch
18:21 Horse Collar
20:37 Wheelbarrow
21:08 Gold Mining
22:14 Scale Mail Armor
22:25 Forging
25:04 Castle Age
23:40 Forging
24:02 Man-at-Arms
26:02 Bow Saw
25:53 Heavy Plow
25:21 Long Swordsman
26:02 Squires
32:11 Hand Cart
32:55 Iron Casting
34:06 Chain Mail Armor
41:12 Imperial Age
42:59 Blast Furnace
41:27 Two-Handed Swordsman
42:09 Champion
cuilao8123
10:00 Feudal Age
10:27 Horse Collar
10:33 Double-Bit Axe
16:39 Castle Age
15:30 Stone Mining
17:56 Wheelbarrow
18:07 Loom
18:15 Gold Mining
19:00 Fervor
19:17 Bow Saw
19:39 Hand Cart
20:17 Heavy Plow
28:22 Stone Shaft Mining
28:25 Gold Shaft Mining
32:22 Imperial Age
31:17 Ballistics
33:09 Fortified Wall
33:10 Masonry
33:31 Conscription
33:04 Fletching
33:02 Town Watch
33:38 Furor Celtica
32:51 Heavy Scorpion
34:35 Chemistry
33:41 Siege Engineers
34:17 Siege Engineers
34:17 Capped Ram
35:35 Siege Ram
38:16 Masonry
38:46 Scale Mail Armor
38:56 Forging
38:41 Pikeman
39:55 Chain Mail Armor
39:11 Halberdier
40:00 Gambesons
40:01 Arson
40:56 Iron Casting
42:49 Plate Mail Armor
43:19 Blast Furnace
Connection lost

Rejoining the realm…

Still unreachable

The connection could not be restored.

Session expired

The server has moved on; the page needs a fresh start.